 Dungeon Crawl Stone Soup version 0.24-a0-280-g7cec4da (webtiles) character file.

Game seed: 13504283732759779490

260 tbskm the Changer (level 5, 0/41 HPs)
             Began as a Draconian Transmuter on May 7, 2019.
             Slain by a gnoll
             ... wielding a +0 spear
              (2 damage)
             ... on level 3 of the Dungeon.
             The game lasted 00:22:50 (3013 turns).

tbskm the Changer (Draconian Transmuter)            Turns: 3013, Time: 00:22:51

Health: 0/41       AC:  5    Str: 13    XL:     5   Next: 95%
Magic:  7/9        EV: 13    Int: 13    God:
Gold:   122        SH:  0    Dex: 12    Spells: 4/10 levels left

rFire    . . .     SeeInvis .     - Unarmed
rCold    . . .     Gourm    .   (no shield)
rNeg     . . .     Faith    .   (armour unavailable)
rPois    .         Spirit   .   (helmet restricted)
rElec    .         Reflect  .   (no cloak)
rCorr    .         Harm     .   (no gloves)
MR       .....                  (no boots)
Stlth    +.........             (no amulet)
HPRegen  0.13/turn              (no ring)
MPRegen  0.11/turn              (no ring)

@: about to teleport
A: unfitting armour, cold-blooded, AC +5
a: no special abilities


You were on level 3 of the Dungeon.
You were hungry.

You visited 1 branch of the dungeon, and saw 3 of its levels.

You collected 122 gold pieces.

Inventory:

Hand Weapons
 d - a +0 short sword
 g - a +0 whip
 p - a +1 short sword of speed
Missiles
 a - 42 arrows
 i - 10 bolts
Jewellery
 l - an uncursed ring of poison resistance {unknown}
 u - an uncursed amulet of the acrobat {unknown}
Wands
 n - a wand of iceblast (7)
Scrolls
 f - a scroll of remove curse {unknown}
 m - 2 scrolls of identify
 r - a scroll of noise {unknown}
 s - a scroll of magic mapping
 t - a scroll of blinking {unknown}
Potions
 e - 2 potions of haste
 h - a potion of lignification {unknown}
 j - a potion of agility {unknown}
 k - a potion of mutation {unknown}
Comestibles
 c - 6 rations


   Skills:
 + Level 2.0 Fighting
 + Level 3.2 Dodging
 + Level 3.4 Unarmed Combat
 - Level 3.1 Spellcasting
 - Level 4.1 Transmutations


You had 4 spell levels left.
You knew the following spells:

 Your Spells              Type           Power        Failure   Level  Hunger
a - Beastly Appendage     Tmut           ##....       4%          1    #......
b - Spider Form           Tmut/Pois      #.........   28%         3    ###....
c - Sticks to Snakes      Tmut           ##......     6%          2    ##.....

Your spell library contained the following spells:

 Spells                   Type           Power        Failure   Level  Hunger
 Ice Form                 Ice/Tmut       #.......     67%         4    #####..
 Blade Hands              Tmut           ##........   75%         5    ######.


Dungeon Overview and Level Annotations

Branches:
Dungeon (3/15)

Altars:
Ashenzari
Cheibriados


Innate Abilities, Weirdness & Mutations

Your plain brown scales are hard. (AC +5)
You cannot fit into any form of body armour.
You are cold-blooded and may be slowed by cold attacks.


Message History

The gnoll misses you. The gnoll closely misses you.
The gnoll hits you from afar with a +0 spear!
The gnoll completely misses you.
The gnoll completely misses you. x2; The gnoll barely misses you.
You hit the gnoll.
The gnoll is moderately wounded.
The gnoll misses you. x3
You hit the gnoll but do no damage.
The gnoll is poisoned.
The gnoll is moderately wounded.
The gnoll misses you. The gnoll completely misses you.
The gnoll hits you from afar with a +0 spear!
* * * LOW HITPOINT WARNING * * *
The gnoll completely misses you.
As you read the scroll of teleportation, it crumbles to dust.
You feel strangely unstable.
Your transformation has ended.
The gnoll hits you from afar with a +0 spear.
* * * LOW HITPOINT WARNING * * *
The gnoll hits you from afar with a +0 spear.
You die...

.. . # ###.# #. # # .....# ##.###
#. ...... ...... #.#####....
...... #...#....# #....
#.#.#.g..# ####> #.#...g..# #....
#.##@##..# #.### #.##.# .# #)# #
##.##.# # #.### #.><..# #.##.
######### #..#### #.##.
........###..#####..########รท##.
####......................##.
#.............#.##...........
#.######.....................


You could see 2 gnolls.

Vanquished Creatures
  Ijyb (D:3)
  2 orc wizards (D:3)
  8 adders
  A gnoll (D:3)
  3 oozes
  An adder zombie (D:3)
  A worm (D:2)
  3 dart slugs
  7 orcs (D:3)
  11 goblins
  6 hobgoblins
  14 kobolds
  2 quokkas (D:2)
  A ball python (D:1)
  4 bats
  3 frilled lizards (D:1)
  4 rats
72 creatures vanquished.

Notes
Turn   | Place    | Note
-------+----------+-------------------------------------------
     0 | D:1      | tbskm the Draconian Transmuter began the quest for the Orb.
     0 | D:1      | Reached XP level 1. HP: 16/16 MP: 3/3
   226 | D:1      | Reached XP level 2. HP: 23/23 MP: 5/5
   591 | D:1      | Reached XP level 3. HP: 20/29 MP: 6/6
  1203 | D:2      | Reached XP level 4. HP: 18/36 MP: 5/7
  1207 | D:2      | Reached skill level 3 in Transmutations
  1212 | D:2      | Learned a level 3 spell: Spider Form
  1218 | D:2      | Learned a level 2 spell: Sticks to Snakes
  1427 | D:2      | Found a snail-covered altar of Cheibriados.
  1712 | D:2      | Found a shattered altar of Ashenzari.
  1965 | D:3      | Reached XP level 5. HP: 34/41 MP: 6/9
  2639 | D:3      | Noticed Ijyb
  2663 | D:3      | Killed Ijyb
  2663 | D:3      | Reached skill level 4 in Transmutations
  3013 | D:3      | HP: 2/41 [gnoll/+0 spear (5)]
  3013 | D:3      | Slain by a gnoll

Levels and vault maps discovered:
D:1:      lemuel_arrival_room, layout_rooms, minmay_misc_feat_pillars,
          minmay_vboxes
D:2:      layout_loops_ring, ashenzari_altar_1, lemuel_round_altar
D:3:      layout_loops_ring, uniq_ijyb

Skill      XL: |  1  2  3  4  5 |
---------------+----------------+-----
Dodging        | 2 3 |  3.2
Transmutations | 3 4 |  4.1
Spellcasting   | 3 |  3.1
Fighting       | 2 |  2.0
Unarmed Combat | |  3.4

Action                   |  1- 3 |  4- 6 || total
-------------------------+-------+-------++-------
Melee: Unarmed           |   116 |   205 ||   321
       Tailslap          |     7 |    13 ||    20
       Kick              |     6 |     3 ||     9
       Headbutt          |     3 |       ||     3
 Cast: Beastly Appendage |     6 |     2 ||     8
       Spider Form       |       |     8 ||     8
       Sticks to Snakes  |       |     1 ||     1
  Use: Scroll            |       |     5 ||     5
       Potion            |       |     2 ||     2
 Stab: Sleeping          |     1 |       ||     1
  Eat: Ration            |     1 |       ||     1
       Chunk             |       |     4 ||     4
Armor: Skin              |    39 |    44 ||    83
Dodge: Dodged            |   106 |   156 ||   262

Table legend:
 A = Non-vault XP
 B = Vault XP
 C = Vault XP percentage of total XP
 D = Non-vault monster count
 E = Vault monster count
 F = Vault count percentage of total count
                 A         B        C        D         E       F
            +---------+---------+-------+---------+---------+-------
      Total |     322 |      50 |  13.4 |      65 |       7 |   9.7
            +---------+---------+-------+---------+---------+-------
        D:1 |      37 |      10 |  21.3 |      18 |       6 |  25.0
        D:2 |     120 |       0 |   0.0 |      22 |       0 |   0.0
        D:3 |     165 |      40 |  19.5 |      25 |       1 |   3.8
            +---------+---------+-------+---------+---------+-------
